 Dungeon Crawl Stone Soup version 0.28.0-47-ge53b351184 (webtiles) character file.

Game seed: 2918372132043813306

793 Zeld the Skirmisher (level 7, -4/63 HPs)
             Began as a Minotaur Fighter on Apr 25, 2022.
             Was a Follower of Trog.
             Slain by a kobold
             ... wielding a +1 dagger of distortion
              (16 damage)
             ... on level 5 of the Dungeon.
             The game lasted 00:03:53 (5098 turns).

Zeld the Skirmisher (Minotaur Fighter)              Turns: 5098, Time: 00:03:54

Health: -4/63      AC:  7    Str: 23    XL:     7   Next: 57%
Magic:  6/6        EV: 10    Int:  5    God:    Trog [*.....]
Gold:   141        SH:  5    Dex:  9    Spells: 6/6 levels left

rFire   . . .      SeeInvis .   a - +0 war axe
rCold   . . .      Faith    .   c - +0 buckler
rNeg    . . .      Spirit   .   b - +0 scale mail
rPois   .          Reflect  .   (helmet restricted)
rElec   .          Harm     .   (no cloak)
rCorr   .          Rampage  .   (no gloves)
Will    .....                   (no boots)
Stlth   ..........              (no amulet)
HPRegen 0.20/turn               (no ring)
MPRegen 0.10/turn               (no ring)

@: no status effects
A: horns 2, retaliatory headbutt
a: Renounce Religion, Berserk


You were on level 5 of the Dungeon.
You worshipped Trog.
Trog was aware of your devotion.
You visited 2 branches of the dungeon, and saw 6 of its levels.

You collected 141 gold pieces.

Inventory:

Hand Weapons
 a - a +0 war axe (weapon)
Armour
 b - a +0 scale mail (worn)
 c - a +0 buckler (worn)
Wands
 q - a wand of digging (4)
Scrolls
 f - a scroll of fear {unknown}
 h - 7 scrolls of identify {unknown}
 i - 6 scrolls of enchant weapon {unknown}
 j - 2 scrolls of acquirement {unknown}
 k - 6 scrolls of teleportation {unknown}
 l - a scroll of fog {unknown}
 m - a scroll of holy word {unknown}
 t - a scroll of torment {unknown}
 v - a scroll of magic mapping {unknown}
Potions
 d - 4 potions of curing {unknown}
 e - a potion of flight {unknown}
 g - a potion of resistance {unknown}
 n - 2 potions of heal wounds {unknown}
 o - a potion of attraction {unknown}
 p - 2 potions of might
 r - a potion of magic {unknown}
 s - 2 potions of lignification {unknown}


   Skills:
 * Level 6.0 Fighting
 * Level 5.3 Axes
 + Level 5.0 Armour
 + Level 2.6 Dodging
 + Level 2.1 Stealth
 * Level 6.0 Shields


You had 6 spell levels left.
You didn't know any spells.
Your spell library was empty.

Dungeon Overview and Level Annotations

Branches:
Dungeon (5/15)             Temple (1/1) D:5

Altars:
Ashenzari
Cheibriados
Dithmenos
Elyvilon
Kikubaaqudgha
Makhleb
Nemelex Xobeh
Okawaru
Qazlal
Ru
Sif Muna
Trog
Uskayaw
Xom
Zin
The Shining One

Annotations:
D:3 2 transporters, UnkleBill's ghost, amateur GnWn


Innate Abilities, Weirdness & Mutations

You have a pair of horns on your head.
You reflexively headbutt those who attack you in melee.


Message History

Unknown command.
You start resting.
HP restored.
You start waiting.
You start waiting.
There is a stone staircase leading up, spattered with blood here.
Things that are here:
a +2 short sword of draining; 2 poisoned darts; a kobold corpse
There is a stone staircase leading up, spattered with blood here.
You climb upwards.
The kobold hits you but does no damage. The kobold barely misses you.
There is a stone staircase leading down here.
You completely miss the kobold. You miss the kobold.
The kobold zaps a wand.
The bolt of acid hits you!! You block the kobold's attack.
You closely miss the kobold. You barely miss the kobold.
The kobold hits you but does no damage. The kobold barely misses you.
The kobold hits you but does no damage.
Unknown command.
You closely miss the kobold. You barely miss the kobold.
You closely miss the kobold. The kobold hits you but does no damage.
Space warps around you. The kobold hits you but does no damage.
The kobold hits you with a +1 dagger of distortion.
Space warps horribly around you!
* * * LOW HITPOINT WARNING * * *
The kobold closely misses you. The kobold barely misses you.
The kobold hits you with a +0 club.
* * * LOW HITPOINT WARNING * * *
You climb downwards.
There is a stone staircase leading up, spattered with blood here.
You barely miss the kobold. You headbutt the kobold.
You kill the kobold!
Trog accepts your kill.
You closely miss the kobold. x2; The kobold hits you but does no damage.
Space warps around you.
* * * LOW HITPOINT WARNING * * *
The kobold barely misses you. You furiously retaliate!
You headbutt the kobold!
You kill the kobold!
Trog accepts your kill.
You can now go berserk at will.
The kobold hits you but does no damage. Space warps horribly around you!
You die...

######## #......# #)# .#
########@####.##
#......KK##.. .
#.#####..##.#.# ## #.#
#.)##.#.#####.
#.#####.....>......
#.......(##.#####.##
#..#####.......##..##.##.
#..#####............#...#
#........................


You could see 2 kobolds.

Vanquished Creatures
  The ghost of Jingleheimer the Slasher, an amateur MiFi (D:5)
  A black bear (D:2)
  A kobold brigand (D:5)
  A scorpion (D:5)
  5 wights (D:5)
  A centaur skeleton (D:4)
  2 orc priests (D:4)
  An iguana (D:5)
  4 adders
  An adder skeleton (D:4)
  A worm (D:2)
  A dart slug (D:2)
  6 orcs
  8 ball pythons
  4 endoplasms
  4 giant cockroaches
  11 goblins
  5 hobgoblins
  6 jackals
  3 quokkas
  3 bats
  2 frilled lizards
  11 kobolds
  3 rats (D:2)
86 creatures vanquished.

Vanquished Creatures (others)
  A kobold (D:4)
  3 fungi (D:4)
  7 plants
11 creatures vanquished.

Grand Total: 97 creatures vanquished

Notes
Turn   | Place    | Note
-------+----------+-------------------------------------------
     0 | D:1      | Zeld the Minotaur Fighter began the quest for the Orb.
     0 | D:1      | Reached XP level 1. HP: 19/19 MP: 0/0
   462 | D:1      | Reached XP level 2. HP: 27/27 MP: 1/1
   510 | D:2      | Noticed a black bear
   517 | D:2      | Killed a black bear
   518 | D:2      | Reached skill level 1 in Dodging
   518 | D:2      | Reached XP level 3. HP: 26/34 MP: 2/2
   518 | D:2      | Reached XP level 4. HP: 32/41 MP: 3/3
   613 | D:3      | Found a transporter.
   910 | D:4      | Found an iron altar of Okawaru.
   940 | D:4      | Reached skill level 1 in Stealth
   940 | D:4      | Reached XP level 5. HP: 47/47 MP: 4/4
  1021 | D:4      | Found a runed translucent gate.
  1021 | D:4      | Found a runed translucent gate.
  1021 | D:4      | Found a runed translucent gate.
  1022 | D:4      | Noticed Jingleheimer's ghost (amateur MiFi)
  1710 | D:5      | Entered Level 5 of the Dungeon
  1728 | D:5      | Reached skill level 5 in Fighting
  1728 | D:5      | Reached XP level 6. HP: 7/56 MP: 5/5
  1729 | D:5      | Reached skill level 5 in Shields
  2314 | D:5      | Found a staircase to the Ecumenical Temple.
  2321 | Temple   | Entered the Ecumenical Temple
  2382 | Temple   | Became a worshipper of Trog the Wrathful
  2656 | D:5      | Reached XP level 7. HP: 32/59 MP: 6/6
  2952 | D:3      | Found an ancient bone altar of Kikubaaqudgha.
  3681 | D:1      | Found a faded altar of an unknown god.
  4118 | D:2      | Found an iron altar of Okawaru.
  4253 | D:3      | Found a transporter.
  4284 | D:3      | Noticed UnkleBill's ghost (amateur GnWn)
  4404 | D:3      | Found a shimmering blue altar of Sif Muna.
  4911 | D:5      | Reached skill level 5 in Axes
  4916 | D:5      | Killed Jingleheimer's ghost
  4917 | D:5      | Reached skill level 5 in Armour
  5098 | D:5      | Reached * piety under Trog
  5098 | D:5      | Slain by a kobold

Illustrated notes

Levels and vault maps discovered:
D:1:      dpeg_arrival_lava_temple_mockup, layout_loops_corners,
          shapermc_ecumenical_altar_mp_vishouse, minmay_indecisive_spiral
D:2:      minmay_inner_zag, layout_basic, basic_altar
D:3:      layout_basic, kiku_gazebo_pond_becter, mainiacjoe_overflow_catwalk,
          gammafunk_ghost_gnarly_gnolls, serial_glass, glass_columns_a,
          glass_columns_b
D:4:      layout_basic, mainiacjoe_overflow_tiny_flanked,
          gammafunk_ghost_nasty_kobolds
D:5:      gammafunk_cloud_chamber, layout_loops_cross,
          lemuel_coloured_pillars_altar, lemuel_doored_altar,
          minmay_temple_entry_ruins, gammafunk_ghost_arena,
          minmay_misc_feat_rows, chequers_arboretum
Temple:   oiseaux_autumnal_temple

Skill      XL: |  1  2  3  4  5  6  7 |
---------------+----------------------+-----
Fighting       | 4 5 6 |  6.0
Axes           | 3 4 5 |  5.3
Armour         | 4 5 |  5.0
Dodging        | 1 2 |  2.6
Shields        | 4 5 6 |  6.0
Stealth        | 1 2 |  2.1

Action                   |  1- 3 |  4- 6 |  7- 9 || total
-------------------------+-------+-------+-------++-------
Melee: War axe           |    25 |    78 |    95 ||   198
       Headbutt          |     4 |    15 |    13 ||    32
  Use: Potion            |       |     1 |       ||     1
Armor: Scale mail        |    11 |    28 |    49 ||    88
Dodge: Dodged            |    10 |    42 |    61 ||   113
Block: Buckler           |     7 |    31 |    35 ||    73
